 Dungeon Sprint DCSS version 0.29.1-1-gd02db6906a (webtiles) character file.

Game seed: 8297369051547346857

7800000 Ofeo the Axe Maniac (level 27, -64/196 (228) HPs)
             Began as a Djinni Warper on Sept 17, 2022.
             Was the Champion of Makhleb.
             Killed from afar by a wretched soul (105 damage)
             ... with a bolt of negative energy
             ... in the Dungeon (Sprint VIII: "Arena of Blood").
             The game lasted 00:03:51 (78 turns).

Ofeo the Axe Maniac (Djinni Warper)                   Turns: 78, Time: 00:03:52

HP:   -64/196 (228) AC:  6    Str: 10    XL:     27
Gold: 0             EV: 13    Int: 27    God:    Makhleb [******] SH:  0 Dex: 15

rFire   + + .      SeeInvis .   d - +∞ Axe of Woe
rCold   x . .      Faith    .   (shield currently unavailable)
rNeg    . . .      Spirit   .   a - +0 leather armour
rPois   ∞          Reflect  .   (no helmet)
rElec   .          Harm     .   (no cloak)
rCorr   .          Rampage  .   (no gloves)
Will    ++...      NoTele   +   (boots unavailable)
Stlth   +++++++++.              (no amulet)
HPRegen 0.42/turn               (no ring)
MPRegen 0.00/turn               (no ring)

@: death channelling, flying, held, slowed, heavily drained, very slow
A: sickness immunity, fire resistance 2, cold vulnerability 1, float, innate
caster, HP casting, extra vitality 1
a: Renounce Religion, Minor Destruction, Lesser Servant of Makhleb, Major
Destruction, Greater Servant of Makhleb


You were in the Dungeon.
You worshipped Makhleb.
Makhleb was exalted by your worship.
You visited 1 branch

Inventory:

Hand Weapons
 d - the +∞ Axe of Woe (weapon)
   (You found it in the Dungeon)
Missiles
 c - 7 boomerangs of dispersal
Armour
 a - a +0 leather armour (worn)
Scrolls
 b - 2 scrolls of blinking {@r4}
Potions
 f - a potion of heal wounds {@q2}
 g - a potion of berserk rage
 h - a potion of haste {@q3}
 q - a potion of curing {@q1}


   Skills:
 O Level 27 Fighting
 O Level 27 Short Blades
 O Level 27 Long Blades
 O Level 27 Axes
 O Level 27 Maces & Flails
 O Level 27 Polearms
 O Level 27 Staves
 O Level 27 Ranged Weapons
 O Level 27 Throwing
 O Level 27 Armour
 O Level 27 Dodging
 O Level 27 Stealth
 O Level 27 Shields
 O Level 27 Unarmed Combat
 O Level 27 Spellcasting
 O Level 27 Invocations
 O Level 27 Evocations


You couldn't memorise any spells.
You knew the following spells:

 Your Spells              Type           Power      Damage    Failure   Level
a - Blink                 Tloc           100%       N/A       0%          2
b - Lesser Beckoning      Tloc           100%       N/A       0%          3
c - Gell's Gravitas       Tloc           100%       N/A       0%          3
d - Teleport Other        Tloc           100%       N/A       0%          3
e - Manifold Assault      Tloc           100%       N/A       0%          5
f - Sandblast             Erth           100%       2d20      0%          1
g - Scorch                Fire           100%       2d10      0%          2
h - Call Imp              Summ           100%       N/A       0%          2
i - Dazzling Flash        Conj/Hex       100%       N/A       0%          3
j - Dispel Undead         Necr           100%       3d31      0%          4
k - Metabolic Englaciati  Hex/Ice        55%        N/A       0%          5
l - Summon Cactus Giant   Summ           55%        N/A       0%          6
m - Dispersal             Tloc           55%        N/A       0%          6
n - Summon Horrible Thin  Summ           55%        N/A       1%          8
o - Infestation           Necr           55%        N/A       1%          8
p - Fire Storm            Conj/Fire      55%        8d14      1%          9
q - Death's Door          Necr           55%        N/A       1%          9
z - Death Channel         Necr           55%        N/A       0%          6
Your spell library was empty.

Dungeon Overview and Level Annotations

Branches:
Dungeon (1/1)

Altars:
Makhleb


Innate Abilities, Weirdness & Mutations

You are immune to sickness and miasma.
You are immune to poison.
Your flesh is very heat resistant. (rF++)
You are vulnerable to cold. (rC-)
You float through the air rather than walking.
You learn spells naturally, not from books.
Your magical power is your life essence.
You have superior vitality. (+4 MHP)


Message History

A meat beast comes into view.
A bag of meat comes into view. It is wielding a +9 war axe.
Your life force feels restored.
You regained 39 hp, and now have 102/228 hp.
Casting: Manifold Assault (safe; 0% risk of failure)
Press: ? - help, Q - select action, (/) - cycle Dir - look around, f - activate
Okay, then.
Casting: Manifold Assault (safe; 0% risk of failure)
Press: ? - help, Q - select action, (/) - cycle Dir - look around, f - activate
Okay, then.
You struggle to detach yourself from the web.
The meat beast bites you.
The meat beast tramples you but does no damage.
You hear a shout!
The meat beast closely misses you. The meat beast tramples you!
You hold your ground!
The meat berserker rages.
You hear a shout!
A meat berserker comes into view. It is wielding a +9 battleaxe.
You hear a shout! x3
Your spectral meat berserker hits the dread.
The meat beast bites you.
The meat beast tramples you but does no damage.
The dread calls on the powers of darkness!
The bag of meat convulses! x2; Your body is wracked with pain!
* * * LOW HITPOINT WARNING * * *
The bag of meat convulses!
The meat berserker convulses! x2
The bag of meat convulses!
The eight-headed meat hydra convulses!
The meat berserker convulses! x2
The meat berserker hits your spectral bag of meat with a +9 battleaxe!!!!
Your spectral bag of meat is destroyed!
Your spectral bag of meat is engulfed in blazing flames.
Your spectral bag of meat hits something.
A bolt of negative energy appears from out of thin air!
The bolt of negative energy hits your spectral meat berserker.
Your spectral meat berserker completely resists.
The bolt of negative energy hits you!!!!
You feel drained.
Ouch! That really hurt!
You die...

.###.).)).)###...
..#.O)).o)#§DO).
X.#...O)..#)))2
))).Z.Z)o)§§ZO)
))L)).VW...Z°)#
Z○Z))..).{)Z.#)
XX.)).{o)Wo##))
○#)))..)Z)#)☼))
.....))@2.#.§.#
##.#......)....
...............
..).#.....####.
...........
............
......=......
#############


You could see a tentacled monstrosity (summoned), 2 meat beasts, a tyrant
(fast), an eight-headed meat hydra (distracted), a destroyer, 2 large
abominations, 2 dreads, 4 meat berserkers, 4 bags of meat, 4 friendly spectral
bags of meat and 4 friendly spectral meat berserkers.

Vanquished Creatures
  Sigmund (D)
  2 hell beasts (D)
  3 royal mummies (D)
  3 wraiths (D)
  18 vampire knights (D)
  47 ogres (D)
  14 two-headed ogres (D)
  A lich (D)
  87 orcs (D)
  8 skeletal warriors (D)
184 creatures vanquished.

Notes
Turn   | Place    | Note
-------+----------+-------------------------------------------
     0 | D        | Found the +∞ Axe of Woe
     0 | D        | Ofeo the Djinni Warper began the quest for the Orb.
     0 | D        | Ofeo set off with the following spells memorised: Blink,
                  | Lesser Beckoning, Gell's Gravitas, Teleport Other, Manifold
                  | Assault.
     0 | D        | Reached XP level 1. HP: 18/18 MP: 0/0
     2 | D        | Noticed a bag of meat
     2 | D        | Noticed a bag of meat
     3 | D        | Became a worshipper of Makhleb the Destroyer
     3 | D        | Noticed a meat berserker
     4 | D        | Killed a bag of meat
     4 | D        | Noticed a bag of meat
     5 | D        | Reached XP level 2. HP: 23/23 MP: 0/0
     5 | D        | Reached XP level 3. HP: 28/28 MP: 0/0
     5 | D        | Learned a level 1 spell: Sandblast
     5 | D        | Reached XP level 4. HP: 33/33 MP: 0/0
     5 | D        | Reached XP level 5. HP: 38/38 MP: 0/0
     5 | D        | Learned a level 2 spell: Scorch
     5 | D        | Reached XP level 6. HP: 43/43 MP: 0/0
     5 | D        | Reached XP level 7. HP: 49/49 MP: 0/0
     5 | D        | Learned a level 2 spell: Call Imp
     5 | D        | Reached XP level 8. HP: 54/54 MP: 0/0
     5 | D        | Reached XP level 9. HP: 58/58 MP: 0/0
     5 | D        | Learned a level 3 spell: Dazzling Flash
     5 | D        | Reached XP level 10. HP: 64/64 MP: 0/0
     5 | D        | Reached XP level 11. HP: 68/68 MP: 0/0
     5 | D        | Learned a level 4 spell: Dispel Undead
     5 | D        | Noticed a bag of meat
     6 | D        | Noticed a meat berserker
     7 | D        | Killed a meat berserker
     7 | D        | Reached * piety under Makhleb
     8 | D        | Reached XP level 12. HP: 74/74 MP: 0/0
     8 | D        | Reached XP level 13. HP: 78/78 MP: 0/0
     8 | D        | Learned a level 5 spell: Metabolic Englaciation
     8 | D        | Noticed a meat berserker
     9 | D        | Noticed a meat berserker
     9 | D        | Noticed a large bag of meat
    10 | D        | Noticed a bag of meat
    10 | D        | Noticed a bag of meat
    10 | D        | Noticed a bag of meat
    10 | D        | Noticed a bag of meat
    11 | D        | Killed a meat berserker
    11 | D        | Noticed a bag of meat
    11 | D        | Noticed a bag of meat
    12 | D        | Reached skill level 27 in Axes
    12 | D        | Reached XP level 14. HP: 85/85 MP: 0/0
    12 | D        | Killed a bag of meat
    12 | D        | Killed a meat berserker
    12 | D        | Reached ** piety under Makhleb
    13 | D        | Reached XP level 15. HP: 89/89 MP: 0/0
    13 | D        | Learned a level 6 spell: Death Channel
    15 | D        | Killed a meat berserker
    15 | D        | Noticed a meat berserker
    15 | D        | Noticed a meat berserker
    16 | D        | Reached *** piety under Makhleb
    16 | D        | Killed a large bag of meat
    17 | D        | Reached XP level 16. HP: 76/94 MP: 0/0
    17 | D        | Noticed a meat berserker
    17 | D        | Noticed a meat berserker
    17 | D        | Noticed a meat berserker
    18 | D        | Reached skill level 27 in Spellcasting
    18 | D        | Reached **** piety under Makhleb
    19 | D        | Reached XP level 17. HP: 115/121 MP: 0/0
    19 | D        | Learned a level 6 spell: Dispersal
    19 | D        | Killed a meat berserker
    19 | D        | Killed a meat berserker
    19 | D        | Reached ***** piety under Makhleb
    19 | D        | Noticed a destroyer
    20 | D        | Reached XP level 18. HP: 163/166 MP: 0/0
    20 | D        | Killed a meat berserker
    20 | D        | Killed a meat berserker
    20 | D        | Killed a meat berserker
    20 | D        | Noticed a large bag of meat
    21 | D        | Reached skill level 27 in Fighting
    21 | D        | Reached XP level 19. HP: 170/174 MP: 0/0
    21 | D        | Learned a level 6 spell: Summon Cactus Giant
    21 | D        | Killed a destroyer
    21 | D        | Killed a large bag of meat
    21 | D        | Reached ****** piety under Makhleb
    22 | D        | Reached skill level 27 in Stealth
    22 | D        | Reached XP level 20. HP: 177/181 MP: 0/0
    22 | D        | Noticed a large bag of meat
    22 | D        | Killed a large bag of meat
    22 | D        | Noticed a meat berserker
    22 | D        | Noticed a meat berserker
    22 | D        | Noticed a destroyer
    23 | D        | Reached skill level 27 in Armour
    23 | D        | Killed a meat berserker
    23 | D        | Killed a meat berserker
    23 | D        | Killed a destroyer
    24 | D        | Reached skill level 27 in Dodging
    24 | D        | Reached XP level 21. HP: 182/187 MP: 0/0
    24 | D        | Learned a level 8 spell: Summon Horrible Things
    24 | D        | Noticed a destroyer
    24 | D        | Noticed a meat berserker
    24 | D        | Noticed a meat berserker
    25 | D        | Reached skill level 5 in Short Blades
    25 | D        | Reached skill level 5 in Long Blades
    25 | D        | Reached skill level 5 in Staves
    25 | D        | Reached skill level 5 in Shields
    25 | D        | Reached skill level 5 in Invocations
    25 | D        | Reached skill level 5 in Evocations
    25 | D        | Killed a meat berserker
    25 | D        | Killed a meat berserker
    25 | D        | Killed a destroyer
    25 | D        | Noticed a destroyer
    25 | D        | Noticed a meat berserker
    25 | D        | Noticed a meat berserker
    26 | D        | Reached skill level 10 in Shields
    26 | D        | Reached skill level 10 in Unarmed Combat
    26 | D        | Reached skill level 10 in Invocations
    26 | D        | Reached skill level 10 in Evocations
    26 | D        | Reached XP level 22. HP: 187/194 MP: 0/0
    26 | D        | Killed a destroyer
    26 | D        | Killed a meat berserker
    26 | D        | Noticed a meat berserker
    27 | D        | Killed a meat berserker
    27 | D        | Noticed a meat berserker
    27 | D        | Noticed a destroyer
    28 | D        | Reached skill level 15 in Shields
    28 | D        | Reached skill level 15 in Unarmed Combat
    28 | D        | Reached skill level 15 in Invocations
    28 | D        | Reached skill level 15 in Evocations
    28 | D        | Reached XP level 23. HP: 195/201 MP: 0/0
    28 | D        | Learned a level 8 spell: Infestation
    29 | D        | Killed a destroyer
    29 | D        | Noticed a destroyer
    30 | D        | Reached skill level 15 in Maces & Flails
    30 | D        | Reached skill level 15 in Ranged Weapons
    30 | D        | Reached skill level 15 in Throwing
    30 | D        | Reached XP level 24. HP: 201/208 MP: 0/0
    30 | D        | Killed a destroyer
    31 | D        | Noticed a destroyer
    32 | D        | Reached XP level 25. HP: 212/214 MP: 0/0
    32 | D        | Learned a level 9 spell: Fire Storm
    32 | D        | Killed a destroyer
    32 | D        | Noticed a large bag of meat
    34 | D        | Noticed a large bag of meat
    35 | D        | Reached XP level 26. HP: 217/221 MP: 0/0
    35 | D        | Killed a large bag of meat
    35 | D        | Killed a large bag of meat
    35 | D        | Noticed a large bag of meat
    36 | D        | Noticed a destroyer
    36 | D        | Noticed a large bag of meat
    37 | D        | Killed a large bag of meat
    37 | D        | Noticed a destroyer
    38 | D        | Reached XP level 27. HP: 226/228 MP: 0/0
    38 | D        | Learned a level 9 spell: Death's Door
    38 | D        | Noticed a destroyer
    40 | D        | Killed a destroyer
    40 | D        | Noticed a large bag of meat
    40 | D        | Noticed a destroyer
    41 | D        | Killed a large bag of meat
    42 | D        | Reached skill level 27 in Shields
    42 | D        | Reached skill level 27 in Unarmed Combat
    42 | D        | Reached skill level 27 in Invocations
    42 | D        | Reached skill level 27 in Evocations
    42 | D        | Noticed a destroyer
    42 | D        | Killed a destroyer
    42 | D        | Killed a destroyer
    42 | D        | Noticed a destroyer
    43 | D        | Reached skill level 27 in Short Blades
    43 | D        | Reached skill level 27 in Long Blades
    43 | D        | Reached skill level 27 in Staves
    43 | D        | Killed a large bag of meat
    43 | D        | Killed a destroyer
    43 | D        | Killed a destroyer
    44 | D        | Reached skill level 27 in Maces & Flails
    44 | D        | Reached skill level 27 in Ranged Weapons
    44 | D        | Reached skill level 27 in Throwing
    45 | D        | Noticed a destroyer
    45 | D        | Noticed a destroyer
    45 | D        | Noticed a tyrant
    46 | D        | Killed a tyrant
    46 | D        | Killed a destroyer
    46 | D        | Noticed a destroyer
    47 | D        | Reached skill level 27 in Polearms
    47 | D        | Noticed an accursed
    47 | D        | Killed a destroyer
    48 | D        | Noticed a large bag of meat
    48 | D        | Killed a destroyer
    48 | D        | Killed a destroyer
    50 | D        | Noticed a large bag of meat
    51 | D        | Killed an accursed
    52 | D        | Noticed a destroyer
    53 | D        | Noticed an accursed
    53 | D        | Noticed a large bag of meat
    55 | D        | Noticed a large bag of meat
    56 | D        | Killed a destroyer
    60 | D        | Killed a large bag of meat
    60 | D        | Noticed a dread
    61 | D        | Killed a dread
    61 | D        | Killed a large bag of meat
    61 | D        | Noticed a large bag of meat
    63 | D        | Noticed a destroyer
    63 | D        | Noticed an accursed
    64 | D        | Killed an accursed
    64 | D        | Killed a large bag of meat
    64 | D        | Noticed The Captor
    65 | D        | Noticed a dread
    66 | D        | Killed a destroyer
    66 | D        | Killed a dread
    67 | D        | Noticed a large bag of meat
    68 | D        | Killed a large bag of meat
    68 | D        | Killed an accursed
    70 | D        | Killed a large bag of meat
    71 | D        | Killed The Captor
    71 | D        | Killed a large bag of meat
    71 | D        | Noticed a meat beast
    72 | D        | Noticed a meat beast
    72 | D        | Killed a meat beast
    72 | D        | Killed a meat beast
    72 | D        | Noticed a dread
    72 | D        | Noticed a dread
    74 | D        | Noticed a dread
    75 | D        | Killed a dread
    76 | D        | Noticed a meat beast
    76 | D        | Noticed a tyrant
    77 | D        | Noticed a meat beast
    78 | D        | Noticed a destroyer
    78 | D        | Killed from afar by a wretched soul

Illustrated notes

Levels and vault maps discovered:
D:        meatsprint

Skill      XL: |  1  2  3  4  5  6  7  8  9 10 11 12 13 14 15 16 17 18 19 20 21 22 23 24 25 26 27 |
---------------+----------------------------------------------------------------------------------+-----
Axes           | 21 26 27 | 27.0
Spellcasting   | 11 18 26 27 | 27.0
Fighting       | 11 26 27 | 27.0
Stealth        | 24 27 | 27.0
Armour         | 22 27 | 27.0
Dodging        | 27 | 27.0
Short Blades   | 3 9 14 17 19 22 24 27 | 27.0
Long Blades    | 3 9 14 17 19 22 24 27 | 27.0
Maces & Flails | 3 8 13 15 17 20 22 27 | 27.0
Staves         | 3 9 14 17 19 22 24 27 | 27.0
Ranged Weapons | 3 8 13 15 17 20 22 27 | 27.0
Throwing       | 3 8 13 15 17 20 22 27 | 27.0
Shields        | 4 10 15 18 20 23 26 27 | 27.0
Unarmed Combat | 4 10 15 18 20 23 26 27 | 27.0
Invocations    | 4 10 15 18 20 23 26 27 | 27.0
Evocations     | 4 10 15 18 20 23 26 27 | 27.0
Polearms       | 27 | 27.0

Action                   |  1- 3 |  4- 6 |  7- 9 | 10-12 | 13-15 | 16-18 | 19-21 | 22-24 | 25-27 || total
-------------------------+-------+-------+-------+-------+-------+-------+-------+-------+-------++-------
Melee: Executioner's axe |     1 |       |       |     1 |     5 |    10 |    14 |    22 |   129 ||   182
 Cast: Death Channel     |       |       |       |       |     1 |       |       |       |     1 ||     2
       Manifold Assault  |       |       |       |       |       |     2 |     5 |     6 |    32 ||    45
Armor: Leather armour    |       |       |       |       |       |       |       |       |     3 ||     3
Dodge: Dodged            |       |       |       |       |     1 |       |       |       |     1 ||     2
